 Dungeon Crawl Stone Soup version 0.28.0-1-gb440e238dd (webtiles) character file.

Game seed: 15481149994429474722

52 Ablot the Grasshopper (level 3, -4/31 HPs)
             Began as a Gnoll Warper on Feb 22, 2022.
             Killed from afar by Natasha (8 damage)
             ... with a magic dart
             ... on level 2 of the Dungeon.
             The game lasted 00:02:41 (1578 turns).

Ablot the Grasshopper (Gnoll Warper)                Turns: 1578, Time: 00:02:41

Health: -4/31      AC:  3    Str: 12    XL:     3   Next: 85%
Magic:  9/9        EV: 12    Int: 12    God:
Gold:   33         SH:  0    Dex: 11    Spells: 10/12 levels left

rFire   . . .      SeeInvis .   a - +0 spear
rCold   . . .      Faith    .   (no shield)
rNeg    . . .      Spirit   .   b - +0 leather armour
rPois   .          Reflect  .   (no helmet)
rElec   .          Harm     .   (no cloak)
rCorr   .          Rampage  .   (no gloves)
Will    .....                   (no boots)
Stlth   +.........              (no amulet)
HPRegen 0.10/turn               (no ring)
MPRegen 0.11/turn               (no ring)

@: slowed, very slow
A: fangs 1, strong nose, distributed training
a: no special abilities


You were on level 2 of the Dungeon.
You visited 1 branch of the dungeon, and saw 2 of its levels.

You collected 33 gold pieces.

Inventory:

Hand Weapons
 a - a +0 spear (weapon)
Missiles
 d - 5 boomerangs of dispersal (quivered)
 e - 59 stones
 f - 10 bolts
 h - 13 arrows
 i - 40 sling bullets
Armour
 b - a +0 leather armour (worn)
Scrolls
 c - a scroll of blinking
 k - a scroll of amnesia {unknown}
 n - 2 scrolls of teleportation {unknown}
Potions
 g - a potion of mutation {unknown}
 j - 2 potions of curing {unknown}
 l - 2 potions of might {unknown}
 m - a potion of ambrosia {unknown}


   Skills:
 + Level 4.6 Fighting
 + Level 1.0 Short Blades
 + Level 1.0 Long Blades
 + Level 1.0 Axes
 + Level 1.0 Maces & Flails
 + Level 4.6 Polearms
 + Level 1.0 Staves
 + Level 1.0 Slings
 + Level 1.0 Bows
 + Level 1.0 Crossbows
 + Level 2.6 Throwing
 + Level 2.6 Armour
 + Level 4.6 Dodging
 + Level 1.0 Stealth
 + Level 1.0 Shields
 + Level 1.0 Unarmed Combat
 + Level 5.0 Spellcasting
 + Level 0.7 Conjurations
 + Level 0.7 Hexes
 + Level 0.7 Summonings
 + Level 0.7 Necromancy
 + Level 5.4 Translocations
 + Level 0.7 Transmutations
 + Level 0.7 Fire Magic
 + Level 0.7 Ice Magic
 + Level 0.7 Air Magic
 + Level 0.7 Earth Magic
 + Level 0.7 Poison Magic
 + Level 1.0 Invocations
 + Level 1.0 Evocations


You had 10 spell levels left.
You knew the following spells:

 Your Spells              Type           Power      Damage    Failure   Level
a - Blink                 Tloc           32%        N/A       4%          2

Your spell library contained the following spells:

 Spells                   Type           Power      Damage    Failure   Level
 Gell's Gravitas          Tloc           16%        N/A       9%          3
 Lesser Beckoning         Tloc           16%        N/A       9%          3
 Teleport Other           Tloc           16%        N/A       9%          3
 Manifold Assault         Tloc           16%        N/A       58%         5


Dungeon Overview and Level Annotations

Branches:
Dungeon (2/15)

Altars:

Annotations:
D:2 Natasha


Innate Abilities, Weirdness & Mutations

You have very sharp teeth.
Your uncanny sense of smell can sniff out nearby items.
Your experience applies equally to all skills.


Message History

You miss the crimson imp.
You bite the crimson imp, but do no damage.
The crimson imp is lightly wounded.
Natasha mumbles some strange words.
The crimson imp closely misses you.
You closely miss the crimson imp.
The crimson imp is lightly wounded.
Natasha casts a spell.
The crimson imp hits you but does no damage.
You hit the crimson imp. You bite the crimson imp.
The crimson imp is heavily wounded.
The crimson imp blinks!
You hit the crimson imp. Your bite misses the crimson imp.
The crimson imp is severely wounded.
The crimson imp disappears in a puff of smoke!
You completely miss Natasha. Natasha barely misses you.
The iron imp sputters.
You barely miss the iron imp. Natasha claws you!
You barely miss the iron imp. Your bite misses the iron imp.
Natasha closely misses you.
The iron imp hits you but does no damage.
You hit the iron imp but do no damage. Natasha misses you.
The iron imp closely misses you.
You hit the iron imp but do no damage. Your bite misses the iron imp.
Natasha claws you.
You hit the iron imp but do no damage. The iron imp closely misses you.
Natasha claws you.
You barely miss Natasha. The iron imp closely misses you. Natasha claws you!
* * * LOW HITPOINT WARNING * * *
You barely miss Natasha. Natasha claws you.
* * * LOW HITPOINT WARNING * * *
The iron imp barely misses you. Natasha casts a spell at you.
You feel yourself slow down.
Things that are here:
a +0 short sword; a kobold corpse The iron imp disappears in a puff of smoke!
Natasha stares at you and mumbles some strange words.
The magic dart hits you!
You die...

##.#.##.#.###.#.##.
##.#5##.#.##.##.#.##
##.#h##.#.##.#.##.#.#
##.#.##.#.##.#.#.##.#.
##.#.##.#.##.#...#.##.#
#.#h##.#.##..).##.#.##.
##.#ยง##.#...#.##.#.##.#
##.#.##.#.#.##.#.##.#.
##.#@##.#.##.#.##.#.#
##.#.##.##.#.##.#.##
##.#.###.#.##.#.##.
##.#.#.#.##.#.##..
##.#.#.##.#.##...
##.#.##.#.##....
##.##.#.##.##..
###.#.##.##..#
#.#...##.......


You could see Natasha.

Vanquished Creatures
  An adder (D:2)
  2 dart slugs (D:1)
  3 endoplasms (D:1)
  2 giant cockroaches (D:1)
  2 goblins (D:1)
  5 hobgoblins
  4 quokkas
  2 ball pythons (D:1)
  5 bats (D:1)
  2 frilled lizards (D:1)
  2 kobolds
  7 rats
37 creatures vanquished.

Notes
Turn   | Place    | Note
-------+----------+-------------------------------------------
     0 | D:1      | Ablot the Gnoll Warper began the quest for the Orb.
     0 | D:1      | Reached XP level 1. HP: 20/20 MP: 6/6
   189 | D:1      | Reached XP level 2. HP: 26/26 MP: 7/7
   192 | D:1      | Learned a level 2 spell: Blink
   749 | D:1      | Reached XP level 3. HP: 27/31 MP: 9/9
   789 | D:1      | Reached skill level 5 in Spellcasting
   974 | D:1      | Reached skill level 1 in Invocations
  1372 | D:2      | Reached skill level 1 in Short Blades
  1372 | D:2      | Reached skill level 1 in Long Blades
  1372 | D:2      | Reached skill level 1 in Axes
  1372 | D:2      | Reached skill level 1 in Maces & Flails
  1372 | D:2      | Reached skill level 1 in Staves
  1372 | D:2      | Reached skill level 1 in Slings
  1372 | D:2      | Reached skill level 1 in Bows
  1372 | D:2      | Reached skill level 1 in Crossbows
  1372 | D:2      | Reached skill level 1 in Stealth
  1372 | D:2      | Reached skill level 1 in Shields
  1372 | D:2      | Reached skill level 1 in Unarmed Combat
  1372 | D:2      | Reached skill level 1 in Evocations
  1552 | D:2      | Noticed Natasha
  1578 | D:2      | Killed from afar by Natasha

Illustrated notes

Levels and vault maps discovered:
D:1:      mrwooster_arrival_statue, layout_loops_cross, minivault_26
D:2:      minmay_inner_zag, layout_rooms, serial_co_window_serial,
          co_window_paths_b, co_window_of_opportunity_a, co_window_paths_a,
          co_window_paths_a, co_window_corner_a, co_window_paths_b,
          co_window_corner_a, co_window_paths_a, co_window_paths_a,
          co_window_2corner, co_window_of_opportunity_b,
          co_window_unsneaky_path_d, co_window_cross_2, glass_columns_a,
          glass_columns_b, glass_columns_b, ebering_ecumenical_altar_mist,
          uniq_natasha

Skill      XL: |  1  2  3 |
---------------+----------+-----
Spellcasting   | 5 |  5.0
Invocations    | 1 |  1.0
Short Blades   | 1 |  1.0
Long Blades    | 1 |  1.0
Axes           | 1 |  1.0
Maces & Flails | 1 |  1.0
Staves         | 1 |  1.0
Slings         | 1 |  1.0
Bows           | 1 |  1.0
Crossbows      | 1 |  1.0
Stealth        | 1 |  1.0
Shields        | 1 |  1.0
Unarmed Combat | 1 |  1.0
Evocations     | 1 |  1.0
Fighting       | |  4.6
Polearms       | |  4.6
Throwing       | |  2.6
Armour         | |  2.6
Dodging        | |  4.6
Conjurations   | |  0.7
Hexes          | |  0.7
Summonings     | |  0.7
Necromancy     | |  0.7
Translocations | |  5.4
Transmutations | |  0.7
Fire Magic     | |  0.7
Ice Magic      | |  0.7
Air Magic      | |  0.7
Earth Magic    | |  0.7
Poison Magic   | |  0.7

Action                   || total
-------------------------++-------
Melee: Spear             ||   164
       Bite              ||    13
       Punch             ||     1
 Stab: Sleeping          ||     3
Armor: Leather armour    ||    30
Dodge: Dodged            ||    69
